PAAA
PLYMOUTH ROCKS @ PHOENIX HOTSPUR RESERVES
07/04/2032
 
TOP OF THE 1ST
Plymouth Rocks batting - Pitching for Phoenix Hotspur Reserves : RHP Vernon Turner
Pitching: RHP Vernon Turner
Batting: LHB Edgardo De Jesús 0-0: Called Strike
0-1: Called Strike
0-2: Foul Ball, location: 2F
0-2: Ball
1-2: Ball
2-2: Fly out, F9 (Line Drive, 9S)
Batting: LHB José Castillo 0-0: Called Strike
0-1: Fly out, F9 (Flyball, 89M)
Batting: RHB Syed Sarkar 0-0: Fly out, F7 (Flyball, 7LM)
Top of the 1st over - 0 runs, 0 hits, 0 errors, 0 left on base; Plymouth 0 - Phoenix 0
BOTTOM OF THE 1ST
Phoenix Hotspur Reserves batting - Pitching for Plymouth Rocks : RHP Ken Shelton
Pitching: RHP Ken Shelton
Batting: RHB Francisco Arriagada 0-0: Ground out U3 (Groundball, 34)
Batting: RHB Solomon Norment 0-0: Ball
1-0: Called Strike
1-1: Ball
2-1: Foul Ball, location: 2F
2-2: Foul Ball, location: 2F
2-2: Foul Ball, location: 2F
2-2: Ball
3-2: Foul Ball, location: 2F
3-2: SINGLE (Line Drive, 7S)
Batting: SHB Jesús González 0-0: Called Strike
0-1: Called Strike
0-2: Ball
1-2: Ground out U3 (Groundball, 34S)
Solomon Norment to second
Batting: RHB Dale Everest 0-0: Ball
1-0: Ball
2-0: Ball
3-0: Base on Balls
Batting: RHB Rubén Andrada 0-0: Fly out, F8 (Flyball, 8LS)
Bottom of the 1st over - 0 runs, 1 hit, 0 errors, 2 left on base; Plymouth 0 - Phoenix 0
TOP OF THE 2ND
Plymouth Rocks batting - Pitching for Phoenix Hotspur Reserves : RHP Vernon Turner
Now in LF: Jesús González
Batting: LHB Adrian McCoy 0-0: Fly out, F9 (Line Drive, 89M)
Batting: SHB Javier Vega 0-0: Ball
1-0: Swinging Strike
1-1: Foul Ball, location: 2F
1-2: Ball
2-2: SINGLE (Groundball, 34D)
Batting: LHB Kade Eagleton 0-0: Ball
1-0: Foul Ball, location: 2F
1-1: Ball
2-1: Swinging Strike
2-2: DOUBLE (Line Drive, 9LM)
Javier Vega to third
Batting: LHB Octávio Ontiveros 0-0: Ball
1-0: Fly out, F3 (Line Drive, 34)
Batting: RHB Cosmo Bjorkenheim 0-0: Fly out, F7 (Line Drive, 7)
Top of the 2nd over - 0 runs, 2 hits, 0 errors, 2 left on base; Plymouth 0 - Phoenix 0
BOTTOM OF THE 2ND
Phoenix Hotspur Reserves batting - Pitching for Plymouth Rocks : RHP Ken Shelton
Batting: RHB Alex Niemann 0-0: Swinging Strike
0-1: DOUBLE (Line Drive, 89XD)
Batting: RHB Satoshi Terada 0-0: Ball
1-0: Called Strike
1-1: Foul Ball, location: 2F
1-2: Ball
2-2: Fly out, F9 (Flyball, 9LS)
Batting: RHB Ryan Pollock 0-0: Called Strike
0-1: Foul Ball, location: 2F
0-2: Ground out 6-3 (Groundball, 6)
Batting: RHB Bernardo Rivera 0-0: Called Strike
0-1: Called Strike
0-2: Ball
Wild Pitch!
Alex Niemann to third
1-2: Foul Ball, location: 2F
1-2: Ball
2-2: SINGLE (Groundball, 56D)
Alex Niemann scores
Batting: RHB Francisco Arriagada 0-0: Called Strike
0-1: Ball
1-1: 2-RUN HOME RUN (Flyball, 9LD), Distance : 356 ft
Batting: RHB Solomon Norment 0-0: Called Strike
0-1: Ball
1-1: Swinging Strike
1-2: Ball
2-2: Fly out, F8 (Flyball, 78D)
Bottom of the 2nd over - 3 runs, 3 hits, 0 errors, 0 left on base; Plymouth 0 - Phoenix 3
TOP OF THE 3RD
Plymouth Rocks batting - Pitching for Phoenix Hotspur Reserves : RHP Vernon Turner
Batting: RHB Luis Guerrero 0-0: Foul Ball, location: 2F
0-1: Foul Ball, location: 2F
0-2: Ball
1-2: Ball
2-2: Ball
3-2: Ground out 5-3 (Groundball, 56)
Batting: LHB Edgardo De Jesús 0-0: Swinging Strike
0-1: Called Strike
0-2: Ground out 5-3 (Groundball, 56S)
Batting: LHB José Castillo 0-0: Called Strike
0-1: Ball
1-1: Foul Ball, location: 2F
1-2: Ball
2-2: Ball
3-2: Foul Ball, location: 2F
3-2: Foul Ball, location: 2F
3-2: Foul Ball, location: 2F
3-2: Ground out 6-3 (Groundball, 6)
Top of the 3rd over - 0 runs, 0 hits, 0 errors, 0 left on base; Plymouth 0 - Phoenix 3
BOTTOM OF THE 3RD
Phoenix Hotspur Reserves batting - Pitching for Plymouth Rocks : RHP Ken Shelton
Batting: SHB Jesús González 0-0: Foul Ball, location: 2F
0-1: Foul Ball, location: 2F
0-2: Foul Ball, location: 2F
0-2: Ball
1-2: Foul Ball, location: 2F
1-2: Strikes out swinging
Batting: RHB Dale Everest 0-0: Called Strike
0-1: Called Strike
0-2: Ball
1-2: Ball
2-2: Foul Ball, location: 2F
2-2: Ball
3-2: SINGLE (Groundball, 4MD)
Batting: RHB Rubén Andrada 0-0: Ball
1-0: Ball
2-0: Called Strike
2-1: Foul Ball, location: 2F
2-2: Fielders Choice at 2nd, 5-4 (Groundball, 56)
Batting: RHB Alex Niemann 0-0: Ball
1-0: SINGLE (Line Drive, 56D)
Rubén Andrada to second
Batting: RHB Satoshi Terada 0-0: Called Strike
0-1: Ball
1-1: Fly out, F4 (Line Drive, 4)
Bottom of the 3rd over - 0 runs, 2 hits, 0 errors, 2 left on base; Plymouth 0 - Phoenix 3
TOP OF THE 4TH
Plymouth Rocks batting - Pitching for Phoenix Hotspur Reserves : RHP Vernon Turner
Batting: RHB Syed Sarkar 0-0: Ball
1-0: Foul Ball, location: 2F
1-1: Ball
2-1: Ball
3-1: Base on Balls
Batting: LHB Adrian McCoy 0-0: SINGLE (Line Drive, 8RS)
Syed Sarkar to second
Batting: SHB Javier Vega 0-0: Ball
1-0: Fielders Choice at 2nd, 1-6 (Groundball, P)
Syed Sarkar to third
Batting: LHB Kade Eagleton 0-0: Ball
1-0: Fly out, F8 (Flyball, 8RM)
Runner from 3rd tags up, SCORES, throw made
Batting: LHB Octávio Ontiveros 0-0: Ball
1-0: Foul Ball, location: 2F
1-1: Foul Ball, location: 2F
1-2: Ball
2-2: Foul Ball, location: 2F
2-2: Ball
3-2: DOUBLE (Line Drive, 8LD)
Javier Vega to third
Javier Vega scores
Batting: RHB Cosmo Bjorkenheim 0-0: Called Strike
0-1: Ground out 1-3 (Groundball, 15S)
Top of the 4th over - 2 runs, 2 hits, 0 errors, 1 left on base; Plymouth 2 - Phoenix 3
BOTTOM OF THE 4TH
Phoenix Hotspur Reserves batting - Pitching for Plymouth Rocks : RHP Ken Shelton
Batting: RHB Ryan Pollock 0-0: Ball
1-0: Foul Ball, location: 2F
1-1: Ground out 6-3 (Groundball, 6MD)
Batting: RHB Bernardo Rivera 0-0: Ball
1-0: Swinging Strike
1-1: Swinging Strike
1-2: Strikes out swinging
Batting: RHB Francisco Arriagada 0-0: Called Strike
0-1: Foul Ball, location: 2F
0-2: Ground out U3 (Groundball, 34S)
Bottom of the 4th over - 0 runs, 0 hits, 0 errors, 0 left on base; Plymouth 2 - Phoenix 3
TOP OF THE 5TH
Plymouth Rocks batting - Pitching for Phoenix Hotspur Reserves : RHP Vernon Turner
Batting: RHB Luis Guerrero 0-0: Ball
1-0: Foul Ball, location: 2F
1-1: Ball
2-1: Ball
3-1: Foul Ball, location: 2F
3-2: Foul Ball, location: 2F
3-2: Strikes out swinging
Batting: LHB Edgardo De Jesús 0-0: Ball
1-0: Called Strike
1-1: Fly out, F7 (Flyball, 78M)
Batting: LHB José Castillo 0-0: Foul Ball, location: 2F
0-1: Foul Ball, location: 2F
0-2: Foul Ball, location: 2F
0-2: Ball
1-2: Foul Ball, location: 2F
1-2: Fly out, F7 (Line Drive, 7S)
Top of the 5th over - 0 runs, 0 hits, 0 errors, 0 left on base; Plymouth 2 - Phoenix 3
BOTTOM OF THE 5TH
Phoenix Hotspur Reserves batting - Pitching for Plymouth Rocks : RHP Ken Shelton
Batting: RHB Solomon Norment 0-0: Ground out 6-3 (Groundball, 6MD)
Batting: SHB Jesús González 0-0: Called Strike
0-1: Ball
1-1: Ball
2-1: Ball
3-1: Foul Ball, location: 2F
3-2: Base on Balls
Batting: RHB Dale Everest 0-0: Ball
1-0: SINGLE (Groundball, 56D)
Jesús González to second
Batting: RHB Rubén Andrada 0-0: Called Strike
0-1: SINGLE (Flyball, 7LS)
Jesús González to third
Dale Everest to second
Batting: RHB Alex Niemann 0-0: Ball
1-0: Foul Ball, location: 2F
1-1: Called Strike
1-2: Ball
2-2: Ball
3-2: Foul Ball, location: 2F
3-2: SINGLE (Groundball, 34)
Jesús González scores
Dale Everest to third
Rubén Andrada to second
Runner from 3rd tries for Home, SAFE, no throw
Batting: RHB Satoshi Terada 0-0: Grounds into double play, 4-6-3 (Groundball, 4)
Bottom of the 5th over - 2 runs, 3 hits, 0 errors, 1 left on base; Plymouth 2 - Phoenix 5
TOP OF THE 6TH
Plymouth Rocks batting - Pitching for Phoenix Hotspur Reserves : RHP Vernon Turner
Batting: RHB Syed Sarkar 0-0: Called Strike
0-1: Ball
1-1: DOUBLE (Line Drive, 78D)
Batting: LHB Adrian McCoy 0-0: SINGLE (Line Drive, 34D)
Syed Sarkar to third
Batting: SHB Javier Vega 0-0: Ball
1-0: Fly out, F9 (Flyball, 9S)
Batting: LHB Kade Eagleton 0-0: Foul Ball, location: 2F
0-1: Fly out, F9 (Flyball, 9)
Runner from 3rd tags up, SCORES, throw made
Batting: LHB Octávio Ontiveros 0-0: Ball
1-0: Ball
2-0: Ball
3-0: Base on Balls
Adrian McCoy to second
Batting: RHB Cosmo Bjorkenheim 0-0: Foul Ball, location: 2F
0-1: Ball
1-1: Called Strike
1-2: Ball
2-2: Fielders Choice at 2nd, 6-4 (Groundball, 6)
Top of the 6th over - 1 run, 2 hits, 0 errors, 2 left on base; Plymouth 3 - Phoenix 5
BOTTOM OF THE 6TH
Phoenix Hotspur Reserves batting - Pitching for Plymouth Rocks : RHP Ken Shelton
Batting: RHB Ryan Pollock 0-0: Ball
1-0: Ball
2-0: Ball
3-0: Base on Balls
Batting: RHB Bernardo Rivera 0-0: Called Strike
0-1: Called Strike
0-2: Strikes out swinging
Batting: RHB Francisco Arriagada 0-0: Called Strike
0-1: Grounds into double play, 6-4-3 (Groundball, 6)
Bottom of the 6th over - 0 runs, 0 hits, 0 errors, 0 left on base; Plymouth 3 - Phoenix 5
TOP OF THE 7TH
Plymouth Rocks batting - Pitching for Phoenix Hotspur Reserves : RHP Vernon Turner
Batting: RHB Luis Guerrero 0-0: Ball
1-0: Ground out 4-3 (Groundball, 4)
Batting: LHB Edgardo De Jesús 0-0: Swinging Strike
0-1: Foul Ball, location: 2F
0-2: Ball
1-2: Ball
2-2: SINGLE (Groundball, 34D)
Batting: LHB José Castillo 0-0: 2-RUN HOME RUN (Flyball, 9LD), Distance : 354 ft
Pitching: RHP Dylan Guérin
Batting: RHB Syed Sarkar 0-0: Ball
1-0: SINGLE (Groundball, 6MD)
Batting: LHB Adrian McCoy 0-0: Fly out, F8 (Line Drive, 8RXD)
Batting: SHB Javier Vega 0-0: Fly out, F8 (Flyball, 89D)
Top of the 7th over - 2 runs, 3 hits, 0 errors, 1 left on base; Plymouth 5 - Phoenix 5
BOTTOM OF THE 7TH
Phoenix Hotspur Reserves batting - Pitching for Plymouth Rocks : RHP Ken Shelton
Batting: RHB Solomon Norment 0-0: Called Strike
0-1: Swinging Strike
0-2: Strikes out looking
Batting: SHB Jesús González 0-0: Ball
1-0: Ball
2-0: Swinging Strike
2-1: Called Strike
2-2: Strikes out looking
Batting: RHB Dale Everest 0-0: Called Strike
0-1: Ball
1-1: Foul Ball, location: 2F
1-2: Ball
2-2: Ball
3-2: Fly out, F9 (Flyball, 89XD)
Bottom of the 7th over - 0 runs, 0 hits, 0 errors, 0 left on base; Plymouth 5 - Phoenix 5
TOP OF THE 8TH
Plymouth Rocks batting - Pitching for Phoenix Hotspur Reserves : RHP Dylan Guérin
Batting: LHB Kade Eagleton 0-0: Ball
1-0: Swinging Strike
1-1: Ball
2-1: DOUBLE (Line Drive, 89M)
Batting: LHB Octávio Ontiveros 0-0: Ball
1-0: Ball
2-0: Called Strike
2-1: Ground out 4-3 (Groundball, 4)
Kade Eagleton to third
Batting: RHB Cosmo Bjorkenheim 0-0: Called Strike
0-1: Fly out, F8 (Flyball, 8LD)
Runner from 3rd tags up, SCORES, throw made
Batting: RHB Luis Guerrero 0-0: Ball
1-0: Ball
2-0: Ball
3-0: Base on Balls
Batting: LHB Edgardo De Jesús 0-0: Fly out, F8 (Line Drive, 8RM)
Top of the 8th over - 1 run, 1 hit, 0 errors, 1 left on base; Plymouth 6 - Phoenix 5
BOTTOM OF THE 8TH
Phoenix Hotspur Reserves batting - Pitching for Plymouth Rocks : RHP Ken Shelton
Now at 2B: Kazu Hishida
Now in CF: Jeff Lawson
Batting: RHB Rubén Andrada 0-0: Ground out 4-3 (Groundball, 4)
Pitching: LHP Roberto Aguirre
Batting: RHB Alex Niemann 0-0: Ball
1-0: Foul Ball, location: 2F
1-1: Ball
2-1: Fly out, F8 (Flyball, 8RXD)
Batting: RHB Satoshi Terada 0-0: Ball
1-0: Ground out 4-3 (Groundball, 4M)
Bottom of the 8th over - 0 runs, 0 hits, 0 errors, 0 left on base; Plymouth 6 - Phoenix 5
TOP OF THE 9TH
Plymouth Rocks batting - Pitching for Phoenix Hotspur Reserves : RHP Dylan Guérin
Pitching: RHP Alexander Weareorwear
Batting: LHB José Castillo 0-0: Called Strike
0-1: Called Strike
0-2: Ball
1-2: Strikes out swinging
Batting: RHB Syed Sarkar 0-0: Called Strike
0-1: Ball
1-1: Foul Ball, location: 2F
1-2: Strikes out swinging
Batting: LHB Adrian McCoy 0-0: Called Strike
0-1: Called Strike
0-2: Ball
1-2: Strikes out swinging
Top of the 9th over - 0 runs, 0 hits, 0 errors, 0 left on base; Plymouth 6 - Phoenix 5
BOTTOM OF THE 9TH
Phoenix Hotspur Reserves batting - Pitching for Plymouth Rocks : LHP Roberto Aguirre
Pitching: RHP Vaugh Chesser
Batting: RHB Ryan Pollock 0-0: Fly out, F7 (Flyball, 7)
Batting: RHB Bernardo Rivera 0-0: Ball
1-0: SINGLE (Groundball, 34) (infield hit)
Batting: RHB Francisco Arriagada 0-0: Ball
1-0: Ball
2-0: Swinging Strike
2-1: Foul Ball, location: 2F
2-2: Ball
3-2: Grounds into double play, 4-6-3 (Groundball, 4)
Bottom of the 9th over - 0 runs, 1 hit, 0 errors, 0 left on base; Plymouth 6 - Phoenix 5
Wednesday, September 19th, 2018 - OOTP Baseball 18.8 Build 76